Map: Rhoskallian LE

Players

Massa

  • Race: Terran Terran
  • League: Platinum
  • Spawn Location: 5:00

qqq

  • Race: Zerg Zerg
  • Spawn Location: 6:00

Rambo - Winner!

  • Race: Terran Terran
  • League: Diamond
  • Spawn Location: 11:00

Neverland - Winner!

  • Race: Zerg Zerg
  • League: Diamond
  • Spawn Location: 12:00

VOD

Have the link to the VOD?

Description

Time

  • Played on: March 23, 2021, 1:51 p.m.
  • Length: 18:51
Show
View Real Time Build Order
Export as new Build Order

Massa Terran 

Build Orders: Reaper Expand 

Get SALT Encoding   

  12  0:00  SCV  
  13  0:12  SCV  
  14  0:22  Supply Depot  
  14  0:24  SCV  
  15  0:44  SCV  
  15  0:45  Barracks  
  15  0:48  Refinery  
  16  0:56  SCV  
  17  1:08  SCV  
  18  1:20  SCV  
  19  1:37  Bunker  
  19  1:43  Reaper, Command Center  
  19  1:45  SCV  
  21  1:59  Orbital Command  
  21  2:15  Marine  
  22  2:23  Supply Depot  
  22  2:32  SCV  
  23  2:39  Engineering Bay  
  23  2:45  SCV, Marine  
  25  2:53  Factory  
  24  3:25  Marine  
  25  3:27  Orbital Command  
  25  3:31  Barracks  
  25  3:33  Barracks  
  25  3:34  SCV  
  25  3:35  Supply Depot  
  25  3:39  Missile Turret  
  25  3:40  Terran Infantry Weapons Level 1  
  26  3:43  Marine  
  26  3:45  Hellion  
  26  3:46  SCV  
  30  3:50  Starport  
  30  3:56  SCV  
  30  3:59  SCV  
  32  4:08  SCV  
  33  4:13  Factory Tech Lab  
  33  4:28  Barracks Tech Lab, Starport Reactor  
  33  4:30  Barracks Reactor  
  33  4:31  Barracks Tech Lab  
  33  4:33  Refinery x2, SCV x2  
  33  4:38  Missile Turret  
  35  4:41  Command Center  
  35  4:43  Refinery  
  35  4:45  SCV x2  
  37  4:50  Marine x2  
  39  4:53  Widow Mine  
  39  4:57  SCV  
  42  5:08  Marine x2  
  44  5:14  Siege Tank  
  44  5:18  SCV x2  
  49  5:27  Stimpack  
  49  5:30  SCV x2  
  51  5:41  Medivac  
  51  5:42  SCV  
  54  5:44  Combat Shield  
  54  5:51  Supply Depot  
  54  5:52  SCV, Marauder x2, Marine x2  
  54  5:53  Supply Depot  
  54  5:54  Supply Depot  
  54  5:55  SCV x2  
  63  6:00  Siege Tank  
  66  6:04  SCV  
  66  6:07  Medivac  
  69  6:13  Marine x2  
  69  6:15  SCV  
  72  6:33  Armory  
  72  6:35  Terran Infantry Armor Level 1, Missile Turret  
  72  6:42  Marauder, Marine x2  
  72  6:43  Marauder  
  72  6:46  Medivac  
  80  6:50  Barracks  
  80  6:54  Siege Tank  
  83  6:56  Barracks  
  83  7:00  SCV x3, Marine x2  
  88  7:12  SCV, Viking  
  91  7:16  Viking  
  91  7:20  Engineering Bay, Planetary Fortress  
  93  7:39  Terran Vehicle And Ship Armor Level 1  
  93  7:41  Supply Depot  
  93  7:42  Supply Depot  
  93  7:46  Missile Turret  
  93  7:50  Missile Turret  
  93  7:59  Barracks Reactor, Barracks Tech Lab  
  93  8:02  SCV x2, Siege Tank  
  93  8:04  Supply Depot  
  98  8:06  Supply Depot  
  98  8:07  Marauder x2  
  98  8:09  Concussive Shells  
  102  8:14  SCV x2  
  104  8:29  Marauder  
  104  8:44  Siege Tank  
  104  8:45  Marauder, Marine  
  104  8:46  Marauder, Marine x2  
  114  8:50  Marauder  
  114  8:52  Marine  
  117  8:57  Missile Turret  
  117  8:58  SCV x3  
  117  9:01  Missile Turret  
  120  9:02  Refinery  
  120  9:03  Refinery, Marine x2  
  120  9:04  Marine  
  120  9:07  Missile Turret  
  120  9:09  Missile Turret  
  123  9:10  SCV x2, Missile Turret  
  123  9:14  Terran Infantry Armor Level 2, Terran Infantry Weapons Level 2  
  119  9:50  Siege Tank  
  119  9:52  Marauder, Marine  
  125  9:58  Supply Depot  
  125  10:00  Supply Depot  
  125  10:01  Supply Depot  
  125  10:19  Marine x2, Medivac x2  
  125  10:20  Marauder  
  133  10:21  Marine  
  133  10:22  Marauder  
  133  10:24  Supply Depot x2  
  133  10:26  SCV x3  
  139  10:38  SCV  
  140  10:49  Medivac x2  
  131  11:02  Marauder x3, Marine x4  
  125  11:12  Siege Tank  
  128  11:19  Medivac x2  
  128  11:20  Marine x3  
  128  11:23  Marauder x3  
  141  11:32  Marine  
  125  11:44  Marauder, Siege Tank  
  125  11:45  Marauder  
  120  11:50  Marine x5  
  120  11:51  SCV x2  
  120  11:52  SCV  
  95  12:03  SCV  
  95  12:04  SCV x2, Medivac x2  
  95  12:05  Marine x2  
  95  12:07  Marine  
  95  12:08  Marine x4  
  105  12:12  Command Center  
  105  12:13  Missile Turret  
  109  12:16  Thor  
  109  12:17  Missile Turret  
  115  12:24  Marauder x2  
  119  12:34  Medivac x2  
  119  12:35  Marine x5  
  119  12:36  Missile Turret  
  103  12:44  Marine  
  103  12:45  Marine  
  104  12:53  Marine x5  
  109  12:59  Thor  
  109  13:02  Marine x2  
  109  13:04  Medivac x2  
  119  13:10  Marine  
  119  13:11  Marine x2  
  122  13:26  Marauder x2, Marine x2  
  125  13:28  Marine  
  125  13:29  Marauder, Marine  
  115  13:42  Siege Tank  
  115  13:46  Medivac x2  
  115  13:48  Marauder x2, Marine x3  
  124  13:51  Marauder  
  133  14:10  Marauder x2, Marine x4  
  133  14:11  Planetary Fortress  
  133  14:13  SCV x3  
  133  14:14  Thor  
  138  14:25  SCV x2  
  116  15:14  Siege Tank  
  116  15:15  Marauder x2  
  116  15:16  Marauder, Marine x4  
  116  15:17  SCV x4  
  133  15:21  Refinery  
  133  15:22  Refinery  
  133  15:28  Medivac x2  
  135  15:29  SCV x3  
  135  15:32  Command Center  
  135  15:33  Marine x2  
  135  15:34  Marine x2  
  144  15:37  Marauder x3  
  144  15:41  Terran Infantry Weapons Level 3, Terran Infantry Armor Level 3  
  144  15:42  Terran Vehicle And Ship Armor Level 2  
  150  15:47  Siege Tank  
  153  16:07  Factory  
  153  16:08  Marauder, Marine  
  153  16:09  Marauder, Marine  
  159  16:12  Factory  
  156  16:54  Marauder x3  
  156  16:55  Marine x4  
  148  17:12  Marine, Siege Tank  
  148  17:13  Factory Reactor, Marine x3, Factory Tech Lab  
  128  17:16  Marauder x3, Medivac x2  
  119  17:28  Sensor Tower  
  119  17:30  Marine  
  119  17:31  Marine  
  120  17:37  Marauder x3  
  120  17:44  Siege Tank  
  120  17:45  Medivac  
  120  17:46  Medivac  
  125  17:52  Marine  
  125  17:53  Marine x3  
  119  17:58  Marauder  
  119  17:59  Marauder x2  
  121  18:06  Widow Mine x2, Thor  
  121  18:10  Marine  
  121  18:11  Marine x3  
  133  18:15  Medivac  
  133  18:16  Medivac, Siege Tank  
  142  18:20  Marauder  
  142  18:21  Marauder x2  
  148  18:27  Widow Mine x2  
  148  18:28  Marine x2  
  148  18:29  Marine  
Show
View Real Time Build Order
Export as new Build Order

qqq Zerg 

Build Orders: Hatch First, Muta Ling Bane 

Get SALT Encoding   

  12  0:00  Drone  
  13  0:08  Drone  
  14  0:31  Overlord  
  14  0:47  Hatchery  
  13  0:54  Drone x2  
  16  0:57  Drone  
  16  1:12  Drone  
  17  1:24  Extractor, Spawning Pool  
  15  1:43  Drone x2, Overlord  
  17  1:54  Extractor  
  17  1:56  Drone  
  17  2:12  Queen x2  
  17  2:13  Zergling x2  
  22  2:19  Zergling x2  
  23  2:23  Zergling x2  
  23  2:28  Zergling x2  
  25  2:42  Metabolic Boost  
  25  2:45  Drone x2  
  25  2:46  Drone  
  28  3:02  Drone x2  
  28  3:03  Drone x2  
  32  3:07  Drone  
  32  3:08  Drone  
  34  3:17  Evolution Chamber  
  33  3:28  Drone x3  
  33  3:30  Overlord  
  33  3:32  Overlord  
  36  3:39  Lair  
  36  3:48  Overlord  
  36  3:49  Drone x2  
  36  3:50  Drone  
  39  3:58  Zerg Melee Weapons Level 1  
  39  4:07  Drone x3  
  42  4:15  Zergling x6  
  45  4:17  Zergling x2  
  45  4:18  Drone x2  
  45  4:19  Drone  
  49  4:25  Evolution Chamber  
  49  4:27  Drone x2  
  49  4:30  Extractor  
  49  4:43  Extractor  
  49  4:44  Hatchery  
  47  4:55  Extractor  
  45  5:10  Zergling x6  
  45  5:11  Zergling x2  
  45  5:12  Drone x2  
  51  5:20  Drone x2, Spire  
  52  5:42  Drone  
  53  5:47  Drone x5  
  55  6:20  Drone x2, Zergling x6  
  55  6:21  Drone, Zergling x8  
  55  6:22  Overlord x2  
  65  6:36  Zerg Flyer Weapons Level 1  
  65  6:40  Mutalisk x2, Queen  
  65  6:41  Infestation Pit  
  65  6:43  Mutalisk  
  65  6:44  Mutalisk x2  
  65  6:45  Mutalisk  
  78  6:55  Baneling Nest  
  78  6:56  Hatchery  
  78  6:59  Hatchery, Zerg Ground Armor Level 1  
  75  7:06  Drone x2  
  75  7:07  Mutalisk x2  
  81  7:17  Extractor  
  81  7:20  Overlord x4  
  80  7:34  Queen  
  81  7:41  Mutalisk x2, Hive  
  85  7:47  Drone x2  
  87  8:00  Baneling x4, Mutalisk  
  87  8:01  Baneling  
  89  8:08  Centrifical Hooks  
  89  8:11  Drone x3, Overlord x2  
  89  8:12  Drone x4, Overlord  
  96  8:26  Baneling x6  
  96  8:27  Baneling x3  
  96  8:33  Mutalisk  
  98  8:35  Drone x2  
  98  8:36  Overlord x2  
  100  8:43  Queen  
  100  8:44  Drone x2  
  100  8:45  Drone  
  105  8:49  Mutalisk  
  105  8:50  Mutalisk  
  109  8:57  Spore Crawler  
  109  8:59  Spore Crawler  
  109  9:01  Spore Crawler  
  106  9:05  Viper  
  106  9:07  Drone  
  106  9:08  Drone x3  
  113  9:10  Spore Crawler  
  112  9:17  Viper  
  112  9:19  Drone x5  
  112  9:22  Extractor  
  119  9:28  Spore Crawler  
  119  9:30  Spore Crawler  
  117  9:43  Mutalisk, Viper  
  117  9:45  Drone x2, Zergling x4  
  125  9:46  Zergling x6  
  129  9:53  Extractor, Spore Crawler  
  127  10:05  Viper  
  127  10:06  Mutalisk  
  118  10:45  Mutalisk x4  
  118  10:46  Drone x2  
  118  10:47  Drone x6  
  118  10:48  Drone x6  
  118  10:49  Drone  
  141  11:12  Mutalisk  
  141  11:14  Overlord x6  
  112  11:43  Viper x3  
  112  11:46  Mutalisk  
  112  11:47  Mutalisk  
  109  11:48  Drone  
  109  11:49  Drone x6  
  120  11:55  Spore Crawler  
  119  12:05  Viper  
  119  12:06  Mutalisk  
  124  12:09  Drone x2, Zergling x2  
  127  12:17  Extractor  
  103  12:30  Spire  
  77  13:11  Spore Crawler  
  67  13:18  Spire  
  66  13:20  Spire  
  66  13:21  Zergling x4  
  66  13:22  Zergling x14, Spire  
  73  13:29  Queen  
  73  13:32  Drone  
  73  13:33  Drone  
  77  13:47  Mutalisk x4  
  85  13:54  Hatchery  
  84  14:02  Hatchery  
  83  14:05  Queen  
  83  14:08  Viper x2  
  91  14:13  Hatchery  
  91  14:15  Zerg Flyer Armor Level 1  
  91  14:16  Zergling x10  
  91  14:17  Zergling x4  
  97  14:25  Hatchery  
  96  14:33  Hatchery  
  96  14:35  Hatchery  
  94  14:47  Drone x6  
  94  14:48  Mutalisk  
  94  14:49  Mutalisk x2  
  97  15:05  Spore Crawler  
  97  15:06  Mutalisk x3  
  102  15:22  Mutalisk  
  102  15:23  Mutalisk  
  106  15:33  Extractor, Spore Crawler  
  104  15:35  Spine Crawler  
  104  15:36  Spore Crawler  
  104  15:39  Spore Crawler  
  94  15:50  Drone x3  
  97  15:57  Zerg Flyer Weapons Level 2  
  97  16:03  Drone  
  98  16:06  Extractor  
  98  16:07  Extractor  
  98  16:09  Drone x7  
  98  16:10  Drone, Zergling x12  
  98  16:11  Zergling x16  
  115  16:12  Zergling x2  
  115  16:16  Mutalisk  
  121  16:18  Mutalisk  
  121  16:19  Mutalisk x2  
  121  16:23  Greater Spire  
  129  16:42  Baneling  
  129  16:43  Baneling x14  
  129  16:44  Baneling  
  114  17:17  Mutalisk x5  
  114  17:18  Zergling x6  
  114  17:19  Zergling x4, Overlord x5  
  114  17:20  Zergling x6  
  114  17:21  Zergling x4  
  124  17:34  Mutalisk x3  
  124  17:36  Zergling x8  
  112  17:43  Zergling x10  
  116  17:46  Viper  
  118  17:53  Baneling  
  118  17:54  Baneling x6  
  118  17:55  Baneling  
  78  18:30  Zergling x16  
  78  18:31  Zergling x14  
  78  18:32  Zergling x6  
Show
View Real Time Build Order
Export as new Build Order

Rambo Terran - Winner!

Build Orders:  

Get SALT Encoding   

  12  0:01  SCV  
  13  0:17  Supply Depot  
  13  0:18  SCV  
  14  0:33  SCV  
  15  0:40  Barracks  
  15  0:45  SCV  
  16  0:56  Refinery  
  16  0:57  SCV  
  17  1:09  SCV  
  18  1:27  Marine  
  18  1:28  Orbital Command  
  19  1:34  Supply Depot  
  19  1:45  Marine  
  20  1:56  SCV  
  21  2:03  Marine  
  21  2:09  SCV  
  21  2:13  Command Center  
  22  2:19  Barracks  
  22  2:21  SCV  
  23  2:29  Barracks Tech Lab  
  23  2:33  SCV  
  24  2:40  Engineering Bay  
  24  2:47  Factory  
  24  2:50  Stimpack  
  24  2:55  Refinery  
  24  2:56  SCV  
  24  3:08  Marine  
  24  3:10  Barracks Reactor  
  25  3:13  Barracks  
  25  3:23  SCV  
  26  3:28  Orbital Command  
  26  3:31  Factory Tech Lab  
  27  3:41  SCV  
  27  3:46  Marauder  
  29  3:50  Marine  
  29  3:51  Marine  
  29  3:53  Orbital Command, SCV  
  32  4:04  Missile Turret  
  32  4:11  SCV  
  32  4:13  Terran Infantry Armor Level 1  
  32  4:14  Barracks Reactor  
  32  4:16  Marine x2  
  35  4:18  Missile Turret  
  35  4:23  SCV  
  36  4:26  Starport  
  36  4:34  Refinery  
  36  4:35  SCV x2  
  38  4:39  Refinery, Siege Tank  
  41  4:47  SCV  
  41  4:48  SCV  
  41  4:49  Marine  
  41  4:50  Marine  
  45  4:53  Marine  
  46  5:10  Supply Depot  
  46  5:12  Supply Depot x2  
  46  5:19  Starport Reactor  
  46  5:27  Engineering Bay  
  46  5:32  SCV x2  
  46  5:34  Siege Tank  
  51  5:44  SCV x2  
  53  5:56  SCV x2  
  55  6:00  Command Center  
  55  6:07  Marine x3  
  55  6:08  SCV x2  
  60  6:14  Combat Shield  
  60  6:19  Terran Infantry Weapons Level 1  
  60  6:20  SCV  
  61  6:35  Medivac x2  
  61  6:38  SCV x2  
  67  6:43  Supply Depot  
  67  6:46  Supply Depot  
  67  6:50  SCV  
  67  6:51  Armory  
  68  6:55  Marine  
  68  6:56  Marine  
  70  7:04  Marine x2  
  70  7:05  Marauder, Medivac x2  
  78  7:12  SCV x2  
  78  7:14  Orbital Command  
  80  7:16  Marine x2  
  80  7:22  Marine x2  
  84  7:23  Missile Turret  
  84  7:24  Missile Turret  
  84  7:27  Missile Turret  
  84  7:33  SCV x2, Concussive Shells, Missile Turret  
  86  7:52  Orbital Command  
  86  7:54  Marine  
  86  7:55  Marine x3  
  86  7:56  Marauder  
  92  8:05  Terran Vehicle Weapons Level 1  
  92  8:07  Thor  
  98  8:14  Missile Turret  
  98  8:16  Missile Turret x3  
  98  8:18  SCV x2  
  98  8:19  SCV  
  101  8:26  Supply Depot  
  101  8:28  Refinery  
  101  8:29  Supply Depot  
  101  8:31  Refinery  
  101  8:39  Supply Depot  
  101  8:40  Supply Depot  
  101  8:48  SCV x3  
  104  8:56  Marine  
  104  8:57  Marine x4  
  104  9:00  SCV x3  
  112  9:03  Thor  
  112  9:08  Factory  
  118  9:12  SCV x3  
  118  9:14  Marine  
  118  9:15  Terran Infantry Armor Level 2, Armory, Marauder  
  124  9:24  SCV x2  
  124  9:30  Command Center  
  123  9:49  Marine x4  
  123  9:50  Marauder  
  129  9:53  Factory Tech Lab  
  129  9:57  Supply Depot  
  129  9:58  Supply Depot  
  129  10:02  Thor  
  133  10:18  Marine x4  
  133  10:19  Marauder  
  131  10:36  Marine x4, Viking x2  
  131  10:40  Marauder  
  140  10:43  Orbital Command  
  140  10:54  Marine x4  
  140  10:57  Thor  
  140  10:58  Thor  
  140  11:02  Marauder  
  151  11:06  Viking x2  
  154  11:12  Marine x3  
  152  11:19  Supply Depot  
  152  11:20  Supply Depot  
  152  11:21  Supply Depot  
  152  11:22  Supply Depot  
  152  11:23  Marauder  
  147  11:27  Marine  
  147  11:30  Marine x3  
  103  11:40  Thor x2  
  103  11:44  Marauder  
  103  11:45  Marine  
  101  11:47  Marine x3  
  102  11:59  Barracks  
  102  12:00  Barracks  
  102  12:01  Barracks  
  102  12:02  Barracks  
  102  12:03  Barracks, Marine  
  102  12:05  Marine x3  
  102  12:06  Marauder  
  108  12:10  Orbital Command  
  108  12:21  Marine  
  108  12:22  Terran Infantry Weapons Level 2, Terran Infantry Armor Level 3  
  109  12:23  Marine, Thor x2  
  109  12:24  Terran Vehicle Weapons Level 2  
  109  12:27  Marauder, Terran Vehicle And Ship Armor Level 1  
  124  12:45  Marine x4  
  124  12:48  Barracks Reactor  
  128  12:51  Marine  
  128  12:52  Barracks Reactor x2  
  128  12:53  Barracks Reactor  
  128  13:02  Marine  
  128  13:04  Refinery  
  129  13:06  Thor x2  
  129  13:08  Refinery  
  141  13:17  Barracks Reactor  
  141  13:19  Marauder, Marine x3  
  144  13:20  Marine  
  130  13:31  Marine  
  130  13:32  Marine x7  
  112  13:36  Marine  
  105  13:46  Medivac x2  
  105  13:47  Marine x3  
  105  13:48  Marine, Thor  
  113  13:49  Marine x3, Thor  
  113  13:50  Marine x5  
  113  13:54  Marine  
  134  14:09  Marauder  
  136  14:10  Marine x4  
  136  14:11  Marine x3  
  136  14:12  Marine  
  136  14:13  Command Center  
  136  14:16  Medivac x2  
  148  14:19  Command Center  
  148  14:21  Command Center  
  148  14:27  Marine x2  
  148  14:28  Marine x7  
  148  14:29  Marine x4  
  148  14:31  Marauder, Thor  
  163  14:32  Thor  
  171  14:52  Marauder  
  173  14:58  Marine  
  173  14:59  Marine x13  
  187  15:14  Marauder, Thor  
  189  15:16  Marine  
  189  15:17  Terran Infantry Weapons Level 3  
  189  15:19  Terran Vehicle Weapons Level 3  
  189  15:20  Terran Vehicle And Ship Armor Level 2  
  196  15:24  Supply Depot  
  196  15:25  Marine x2  
  196  15:28  Orbital Command  
  198  15:31  Orbital Command  
  198  15:32  Orbital Command  
  198  15:50  Medivac  
  198  15:55  Refinery  
  200  15:59  Refinery  
  200  16:06  Refinery  
  200  16:10  Refinery  
  200  16:44  Orbital Command  
  172  17:16  Marine  
  172  17:17  Marine x13  
  172  17:18  Marine  
  152  17:34  Marine  
  152  17:35  Marine x14  
  162  17:42  Command Center  
  143  17:52  Marine  
  143  17:53  Marine x8  
  143  17:54  Marauder  
  154  18:00  Orbital Command  
  154  18:10  Marine x2  
  154  18:11  Marine x3  
  169  18:15  Marauder  
  169  18:19  Marine  
  171  18:20  Marine x4  
  171  18:22  Marine x4  
  180  18:28  Marine  
  180  18:31  Marine  
  180  18:32  Marine x3  
Show
View Real Time Build Order
Export as new Build Order

Neverland Zerg - Winner!

Build Orders: Pool First 

Get SALT Encoding   

  12  0:19  Spawning Pool  
  11  0:23  Drone  
  12  0:28  Drone  
  12  0:32  Drone  
  14  0:44  Extractor, Drone  
  14  1:08  Overlord  
  14  1:10  Overlord  
  14  1:31  Zergling x2  
  15  1:36  Hatchery  
  15  1:38  Drone  
  15  1:40  Drone  
  16  1:48  Drone  
  17  2:04  Drone x2  
  17  2:05  Queen  
  21  2:15  Drone  
  22  2:18  Metabolic Boost  
  22  2:25  Drone  
  23  2:36  Drone  
  24  2:44  Queen  
  24  2:47  Overlord  
  26  2:57  Drone  
  28  2:58  Drone  
  29  3:12  Zergling x2  
  29  3:13  Zergling x4  
  29  3:18  Drone x3  
  34  3:22  Lair  
  34  3:26  Queen  
  36  3:27  Drone  
  36  3:28  Drone  
  38  3:40  Drone x2  
  40  3:43  Overlord  
  40  3:48  Drone  
  41  4:01  Drone x2  
  43  4:11  Zergling x2  
  43  4:12  Zergling x6  
  47  4:18  Overlord  
  47  4:38  Extractor, Spire, Overlord  
  46  4:39  Drone  
  46  4:40  Drone  
  46  4:41  Drone x3  
  46  4:45  Drone x2  
  52  4:48  Extractor  
  52  4:50  Extractor  
  50  5:05  Drone x3  
  50  5:07  Drone x2  
  54  5:14  Drone x3, Hatchery  
  57  5:15  Hatchery  
  57  5:19  Drone  
  57  5:20  Drone x2  
  59  5:23  Drone  
  60  5:44  Overlord x4  
  60  5:49  Hatchery  
  59  5:50  Drone  
  59  5:51  Extractor  
  59  5:56  Overlord  
  59  5:57  Overlord x3  
  59  5:59  Extractor  
  58  6:16  Hatchery  
  58  6:18  Extractor, Mutalisk  
  56  6:19  Mutalisk x2  
  62  6:29  Mutalisk  
  62  6:30  Mutalisk x2  
  62  6:31  Mutalisk  
  70  6:35  Drone  
  70  6:37  Drone x2  
  70  6:38  Drone  
  74  6:41  Mutalisk  
  76  6:52  Mutalisk x3  
  82  7:07  Extractor  
  82  7:08  Drone x3  
  84  7:15  Mutalisk  
  84  7:16  Mutalisk x2  
  90  7:27  Zerg Flyer Weapons Level 1  
  89  7:33  Mutalisk  
  86  7:40  Drone  
  86  7:41  Drone x7  
  86  7:42  Drone x3  
  97  7:50  Drone x2  
  99  7:51  Drone  
  99  7:55  Drone x3  
  99  7:57  Mutalisk  
  99  7:58  Mutalisk x3  
  111  8:12  Mutalisk  
  111  8:15  Overlord x3  
  111  8:16  Overlord  
  113  8:20  Overseer  
  113  8:23  Pneumatized Carapace  
  113  8:32  Hatchery, Extractor  
  111  8:36  Extractor  
  111  8:37  Extractor  
  111  8:38  Extractor  
  108  8:43  Hatchery  
  107  8:50  Mutalisk  
  107  8:51  Mutalisk x3  
  115  8:58  Drone  
  115  8:59  Drone x2  
  115  9:00  Drone x3  
  115  9:02  Drone x2  
  123  9:03  Drone  
  123  9:04  Drone x3  
  123  9:06  Mutalisk  
  123  9:07  Mutalisk  
  131  9:13  Infestation Pit  
  130  9:17  Evolution Chamber x2  
  130  9:22  Drone x2, Zerg Flyer Armor Level 1  
  130  9:23  Drone x3  
  129  9:49  Mutalisk x7  
  143  10:04  Mutalisk x3  
  145  10:22  Mutalisk  
  145  10:23  Mutalisk x3  
  130  11:12  Extractor  
  130  11:13  Drone x3  
  130  11:14  Drone x2  
  130  11:15  Drone, Mutalisk  
  130  11:16  Mutalisk x9  
  155  11:18  Zerg Flyer Weapons Level 2  
  155  11:23  Hive  
  149  11:41  Mutalisk  
  149  11:42  Mutalisk x4  
  143  11:49  Mutalisk  
  143  11:50  Mutalisk  
  147  12:08  Mutalisk x5  
  151  12:28  Drone, Mutalisk x5  
  162  12:31  Overlord x6  
  162  12:32  Overlord x2  
  162  12:57  Mutalisk x6  
  162  12:58  Mutalisk x3  
  128  13:13  Mutalisk x4  
  136  13:22  Hatchery  
  136  13:24  Spawning Pool  
  132  13:31  Mutalisk x2  
  132  13:32  Mutalisk x3  
  140  13:38  Zerg Melee Weapons Level 1  
  132  13:48  Mutalisk x3  
  104  14:03  Ultralisk Cavern, Zerg Ground Armor Level 1  
  104  14:06  Mutalisk  
  104  14:07  Mutalisk  
  97  14:27  Zergling x18  
  97  14:28  Zergling x22  
  107  14:38  Zergling x4  
  97  14:52  Zergling x16  
  91  15:02  Drone  
  91  15:03  Drone x3  
  91  15:04  Drone x2  
  95  15:12  Mutalisk  
  95  15:13  Mutalisk x11  
  119  15:18  Zergling x4  
  119  15:19  Zergling x2  
  122  15:22  Drone  
  122  15:23  Drone  
  122  15:25  Drone x3  
  127  15:31  Drone  
  126  15:37  Drone  
  126  15:38  Drone  
  126  15:43  Drone x2  
  126  15:44  Drone x2  
  130  15:50  Hatchery  
  130  15:53  Anabolic Synthesis  
  129  15:57  Zerg Melee Weapons Level 2  
  129  16:05  Extractor  
  129  16:06  Extractor  
  127  16:16  Zerg Ground Armor Level 2  
  127  16:20  Zergling x10  
  127  16:21  Zergling x2  
  133  16:35  Chitinous Plating  
  121  17:04  Zergling x8  
  121  17:05  Zergling x44  
  121  17:06  Zergling x2  
  142  17:16  Mutalisk x3  
  142  17:17  Mutalisk  
  150  17:34  Mutalisk  
  150  17:35  Mutalisk x5  
  161  17:52  Extractor  
  121  18:20  Mutalisk  
  121  18:21  Mutalisk x13  
  127  18:33  Zergling x2  
Tags
 
Add a new tag
Caveats
  • Supply blocks, unpowered buildings, or Contaminate may cause inaccurate times.
  • Supply counts are checked every 10 seconds.